Map: Ley Lines

Players

Castiel

  • Race: Zerg Zerg
  • League: Master
  • Spawn Location: 1:00

ManlyManMeat - Winner!

  • Race: Protoss Protoss
  • League: Master
  • Spawn Location: 7:00

VOD

Have the link to the VOD?

Description

Time

  • Played on: June 14, 2025, 10:58 a.m.
  • Length: 20:43
Show
View Real Time Build Order
Export as new Build Order

Castiel Zerg 

Build Orders: Pool First 

Get SALT Encoding   

  12  0:00  Drone  
  13  0:13  Overlord  
  13  0:19  Drone  
  14  0:32  Drone x2  
  16  0:35  Drone  
  17  0:46  Spawning Pool  
  17  0:49  Drone  
  17  1:12  Hatchery  
  16  1:24  Overlord  
  17  1:25  Drone x2  
  17  1:29  Extractor  
  17  1:37  Queen  
  19  1:43  Drone  
  20  1:50  Zergling x2  
  21  1:58  Drone  
  22  2:12  Drone  
  23  2:28  Queen  
  25  2:31  Overlord  
  25  2:35  Queen  
  27  2:40  Zergling x8  
  31  2:47  Baneling Nest  
  30  2:52  Zergling x4  
  30  2:53  Zergling x4  
  33  3:17  Zergling x8  
  36  3:26  Drone  
  36  3:27  Drone x4  
  39  3:32  Metabolic Boost  
  41  3:40  Drone, Spore Crawler  
  41  3:53  Drone x3  
  44  3:58  Lair  
  44  4:08  Overlord x2  
  44  4:14  Overlord x2  
  44  4:20  Extractor  
  44  4:21  Drone  
  44  4:26  Overlord x2  
  44  4:43  Drone x3  
  48  5:00  Zergling x10  
  48  5:05  Drone  
  53  5:15  Pneumatized Carapace  
  53  5:20  Drone x2  
  53  5:39  Drone x3  
  53  5:40  Spore Crawler  
  55  5:43  Drone x2, Hydralisk Den  
  55  5:44  Drone x2  
  55  5:48  Extractor  
  57  6:02  Hatchery  
  47  6:17  Drone x2  
  47  6:18  Drone x6  
  48  6:29  Muscular Augments  
  48  6:32  Hatchery, Evolution Chamber  
  47  6:34  Drone x3, Evolution Chamber  
  47  6:39  Extractor, Queen  
  49  6:51  Overlord x4  
  49  6:57  Spire  
  49  6:58  Drone x3  
  49  6:59  Drone  
  52  7:07  Zerg Missile Weapons Level 1  
  53  7:30  Drone x7  
  53  7:31  Drone x4  
  53  7:32  Queen  
  53  7:33  Grooved Spines  
  65  7:44  Hydralisk x3  
  65  7:45  Hydralisk x2  
  65  7:46  Hydralisk  
  77  7:52  Spore Crawler  
  77  7:56  Drone  
  77  8:00  Queen  
  79  8:07  Hatchery  
  79  8:09  Infestation Pit  
  79  8:11  Overseer  
  79  8:12  Overseer  
  77  8:23  Hydralisk x5  
  77  8:24  Hydralisk  
  89  8:38  Hydralisk x5  
  99  8:48  Zerg Ground Armor Level 1  
  99  8:56  Overlord x2  
  99  8:57  Drone  
  99  8:58  Drone x5  
  105  9:06  Zergling x4  
  107  9:13  Queen  
  109  9:17  Drone x4  
  109  9:18  Drone x5  
  109  9:19  Queen  
  109  9:22  Zergling x2  
  109  9:23  Zergling x4  
  123  9:26  Centrifugal Hooks  
  123  9:36  Baneling  
  123  9:37  Baneling x3  
  123  9:38  Hydralisk x3  
  123  9:39  Hydralisk  
  123  9:44  Hive  
  131  9:53  Extractor  
  131  9:54  Drone x2  
  131  9:55  Drone x6  
  131  9:56  Extractor  
  137  10:00  Overlord x2  
  137  10:05  Zerg Missile Weapons Level 2  
  137  10:09  Drone  
  137  10:10  Drone x4  
  135  10:34  Zergling x14  
  135  10:35  Zergling x6  
  140  10:46  Spire  
  140  10:49  Extractor  
  138  10:51  Overlord x3  
  138  10:52  Zergling x4, Extractor  
  138  10:53  Zergling x22  
  150  11:05  Overlord x5  
  150  11:08  Baneling  
  150  11:09  Baneling x15  
  150  11:10  Baneling x6  
  150  11:11  Hatchery  
  149  11:19  Drone x6  
  149  11:20  Drone x6  
  161  11:30  Hydralisk x5  
  112  12:10  Hydralisk x4  
  112  12:11  Hydralisk x13  
  129  12:29  Queen  
  129  12:31  Drone x7  
  129  12:36  Zerg Flyer Weapons Level 1  
  138  12:40  Hydralisk  
  138  12:41  Zergling x8  
  138  12:42  Unknown  
  144  12:47  Zergling x8  
  144  12:48  Zergling x2  
  149  13:02  Corruptor  
  149  13:03  Corruptor x4  
  159  13:06  Drone x4  
  159  13:07  Drone x3  
  159  13:11  Queen  
  168  13:17  Baneling  
  168  13:18  Baneling x17  
  168  13:31  Hatchery  
  167  13:36  Drone x2  
  167  13:37  Drone x2  
  167  13:38  Drone, Corruptor x4  
  180  13:46  Viper  
  183  13:48  Overlord  
  183  13:49  Overlord x2  
  183  13:58  Spine Crawler  
  183  13:59  Spine Crawler  
  181  14:12  Overseer  
  181  14:13  Overseer x2  
  181  14:16  Hatchery  
  180  14:18  Drone, Spore Crawler  
  180  14:19  Drone x3, Spore Crawler  
  182  14:30  Overseer  
  182  14:31  Spine Crawler  
  182  14:35  Spine Crawler x2  
  182  14:37  Spine Crawler  
  178  14:39  Spine Crawler  
  178  14:45  Drone x4  
  180  14:47  Drone x3  
  180  14:49  Hydralisk x2  
  180  14:50  Viper x4  
  200  15:19  Hatchery  
  95  16:21  Hydralisk  
  95  16:22  Hydralisk x12  
  105  16:55  Hydralisk x6  
  105  16:56  Hydralisk x6  
  129  17:09  Hydralisk x2, Hatchery  
  129  17:10  Hydralisk x2  
  136  17:31  Hatchery  
  136  17:36  Hydralisk x5  
  136  17:37  Hydralisk x3  
  139  17:42  Viper x4  
  163  17:48  Overseer  
  163  17:51  Burrow  
  163  17:52  Overseer  
  163  17:53  Overseer  
  163  17:54  Overseer  
  163  17:55  Zergling x2  
  163  17:56  Zergling x6  
  167  18:30  Overlord x3  
  167  18:31  Overlord  
  165  18:34  Swarm Host  
  164  18:45  Baneling  
  164  18:46  Baneling x5  
  130  19:03  Hydralisk  
  130  19:04  Hydralisk x7  
  144  19:31  Extractor  
  144  19:33  Extractor  
  142  19:42  Corruptor x2  
  146  20:03  Hydralisk x5  
Show
View Real Time Build Order
Export as new Build Order

ManlyManMeat Protoss - Winner!

Build Orders:  

Get SALT Encoding   

  12  0:00  Probe  
  13  0:12  Probe  
  14  0:19  Pylon  
  14  0:24  Probe  
  15  0:35  Probe  
  15  0:38  Gateway  
  16  0:44  Probe  
  16  0:45  Assimilator  
  17  0:53  Probe  
  18  1:10  Gateway  
  18  1:12  Probe  
  19  1:30  Cybernetics Core  
  19  1:32  Probe  
  20  1:39  Pylon  
  20  1:44  Probe  
  21  1:57  Adept x2  
  25  2:11  Warp Gate  
  25  2:14  Probe  
  26  2:27  Nexus  
  26  2:33  Stalker  
  26  2:35  Stalker  
  28  2:41  Probe  
  31  2:48  Assimilator  
  31  3:11  Pylon  
  31  3:21  Zealot  
  31  3:29  Zealot  
  31  3:31  Shield Battery  
  31  3:32  Probe  
  34  3:41  Stargate  
  34  3:43  Probe  
  34  3:44  Probe  
  33  3:56  Probe x2  
  35  4:08  Probe x2  
  37  4:14  Forge  
  37  4:15  Oracle  
  37  4:16  Gateway  
  37  4:20  Probe  
  37  4:22  Robotics Facility  
  37  4:23  Probe  
  39  4:30  Probe  
  42  4:31  Stalker  
  42  4:35  Probe  
  46  4:43  Probe  
  47  4:48  Probe  
  47  4:52  Zealot  
  50  4:55  Probe  
  51  5:06  Stalker  
  53  5:10  Pylon  
  53  5:13  Pylon  
  53  5:15  Assimilator  
  53  5:22  Assimilator  
  53  5:24  Probe  
  53  5:28  Probe  
  52  5:38  Sentry  
  54  5:57  Phoenix  
  54  5:59  Gateway  
  54  6:00  Gateway  
  54  6:01  Gateway  
  56  6:07  Pylon  
  51  6:12  Gateway  
  48  6:29  Probe x2  
  50  6:41  Probe x2  
  50  6:42  Protoss Shields Level 1  
  50  6:45  Pylon  
  52  6:53  Observer  
  53  7:04  Probe x2  
  55  7:16  Observer, Probe x2  
  58  7:29  Zealot x3  
  68  7:31  Void Ray  
  68  7:35  Twilight Council  
  68  7:38  Robotics Bay  
  68  7:58  Nexus  
  68  7:59  Pylon  
  68  8:01  Assimilator  
  68  8:05  Assimilator  
  68  8:07  Pylon, Zealot  
  68  8:08  Zealot  
  68  8:09  Zealot  
  74  8:20  Charge  
  74  8:26  Shield Battery  
  74  8:27  Probe  
  74  8:28  Shield Battery  
  74  8:29  Probe  
  74  8:32  Extended Thermal Lance  
  76  8:35  Probe  
  76  8:40  Colossus  
  76  8:41  Probe  
  83  8:49  Stalker x2  
  83  8:50  Stalker  
  89  9:18  Probe  
  89  9:19  Probe x2  
  92  9:29  Colossus, Zealot x5  
  92  9:30  Probe  
  109  9:41  Protoss Ground Armor Level 1  
  109  9:48  Zealot x2  
  113  10:04  Probe x3  
  116  10:16  Probe  
  117  10:22  Probe x2  
  117  10:24  Disruptor  
  117  10:28  Probe  
  106  10:41  Zealot  
  106  10:42  Zealot x2  
  112  10:48  Robotics Facility  
  112  10:49  Robotics Facility  
  112  10:51  Probe  
  112  10:52  Probe x2  
  115  11:02  Nexus  
  115  11:04  Pylon, Probe  
  116  11:07  Pylon, Forge  
  116  11:10  Forge  
  116  11:12  Templar Archives  
  116  11:15  Dark Shrine  
  116  11:22  Protoss Ground Weapons Level 1  
  116  11:34  Colossus  
  116  11:39  Colossus  
  128  11:48  Protoss Ground Armor Level 2  
  128  11:59  Colossus  
  108  12:13  Colossus  
  80  12:25  Probe x4  
  80  12:28  Zealot x5  
  98  12:33  Colossus  
  104  12:37  Probe  
  105  12:47  Probe  
  105  12:50  Shield Battery  
  105  12:51  Colossus, Probe x3  
  113  13:03  Probe x2  
  115  13:12  Colossus  
  121  13:16  Pylon  
  121  13:18  Pylon, Probe x2  
  121  13:19  Probe x2  
  125  13:21  Pylon  
  125  13:23  Pylon, Dark Templar  
  125  13:24  Dark Templar x2, Protoss Ground Weapons Level 2  
  125  13:25  Dark Templar  
  125  13:26  Dark Templar  
  135  13:29  Immortal  
  135  13:30  Probe  
  136  13:37  Immortal  
  144  13:50  Phoenix  
  144  13:51  Probe  
  144  13:54  Probe x2  
  144  13:55  Probe  
  150  13:59  Assimilator  
  150  14:00  Assimilator  
  150  14:01  Photon Cannon x2  
  150  14:04  Zealot x3  
  156  14:24  High Templar x2  
  158  14:28  High Templar x2  
  158  14:31  Protoss Ground Armor Level 3  
  164  14:32  Protoss Shields Level 2  
  164  14:35  Archon x2  
  164  14:37  High Templar  
  166  14:46  Probe x2  
  166  14:47  Probe  
  169  14:56  Warp Prism  
  171  15:01  High Templar  
  171  15:05  Archon  
  173  15:32  High Templar x3  
  179  15:40  Protoss Ground Weapons Level 3  
  169  16:12  Colossus x2  
  169  16:13  Colossus  
  130  16:43  Archon  
  128  16:49  Nexus  
  120  16:56  Nexus  
  120  17:00  Nexus  
  120  17:01  Colossus  
  120  17:02  Colossus x2, Stalker x2  
  124  17:14  High Templar  
  124  17:15  High Templar  
  141  17:31  Pylon  
  141  17:33  Archon  
  141  17:35  High Templar  
  141  17:36  High Templar  
  145  17:40  Gateway  
  145  17:43  Gateway  
  145  17:45  Gateway  
  145  17:48  Gateway  
  145  17:50  High Templar  
  145  17:51  High Templar  
  148  17:52  Gateway, Archon  
  148  17:54  Archon  
  148  17:57  Stalker  
  150  18:08  Gateway  
  150  18:09  Gateway  
  150  18:12  Gateway  
  149  18:26  Zealot  
  149  18:27  Zealot x4  
  153  18:51  Immortal  
  153  18:52  Immortal x2  
  147  18:56  Pylon  
  147  18:57  Pylon  
  147  18:58  Pylon  
  147  18:59  Pylon  
  147  19:00  Pylon  
  147  19:02  Pylon  
  143  19:06  High Templar x4  
  143  19:09  Zealot x2  
  149  19:12  Archon x2  
  149  19:32  Zealot x9  
  167  19:54  Observer x3  
  167  19:55  Nexus  
  167  19:57  Nexus  
  170  20:22  Probe  
  170  20:25  High Templar x2  
  170  20:26  Zealot x9  
  170  20:27  Zealot  
Tags
 
Matchup
PvZ
Opening
Pool First
Replay Pack
Multiplayer
Spawn Locations
Cross Positions
Add a new tag
Caveats
  • Supply blocks, unpowered buildings, or Contaminate may cause inaccurate times.
  • Supply counts are checked every 10 seconds.